 Dungeon Crawl Stone Soup version 0.30-a0-385-gfebfb9b408 (webtiles) character file.

Game seed: 5781289611194362050

86 flotson the Sneak (level 4, -2/35 HPs)
             Began as a Demonspawn Delver on Dec 3, 2022.
             Slain by a gnoll
             ... wielding a +0 flail
              (6 damage)
             ... on level 2 of the Dungeon.
             The game lasted 00:03:06 (2305 turns).

flotson the Sneak (Demonspawn Delver)               Turns: 2305, Time: 00:03:07

Health: -2/35      AC:  6    Str: 14    XL:     4   Next: 27%
Magic:  4/4        EV:  9    Int: 14    God:
Gold:   120        SH:  0    Dex: 14    Spells: 3/3 levels left

rFire   . . .      SeeInvis +    a - +0 spear
rCold   . . .      Faith    .    (no shield)
rNeg    . . .      Spirit   .    u - +0 scale mail
rPois   +          Reflect  .    (no helmet)
rElec   .          Harm     .    (no cloak)
rCorr   .          Rampage  .    (no gloves)
Will    .....                    (no boots)
Stlth   +.........               (no amulet)
HPRegen 0.25/turn                j - ring "Erocitif" {rPois SInv}
MPRegen 0.18/turn                (no ring)

@: no status effects
A: magic regeneration, big brain 1
a: no special abilities


You were on level 2 of the Dungeon.
You visited 1 branch of the dungeon, and saw 5 of its levels.

You collected 120 gold pieces.

Inventory:

Hand Weapons
 a - a +0 spear (weapon)
 b - a +0 sling
Missiles
 m - 7 poisoned darts (quivered)
 v - 6 boomerangs
Armour
 u - a +0 scale mail (worn)
Jewellery
 j - the ring "Erocitif" (left hand) {rPois SInv}
   (You found it on level 5 of the Dungeon)

   [ring of see invisible]

   rPois:     It protects you from poison.
   SInv:      It lets you see invisible.
Wands
 g - a wand of digging (10)
Scrolls
 c - a scroll of fog
 d - 2 scrolls of magic mapping
 h - a scroll of teleportation {unknown}
 i - a scroll of noise {unknown}
 k - 3 scrolls of identify {unknown}
 l - 3 scrolls of blinking {unknown}
 p - 3 scrolls of immolation {unknown}
 q - a scroll of torment {unknown}
 r - a scroll of summoning {unknown}
 s - a scroll of butterflies {unknown}
 t - a scroll of amnesia {unknown}
Potions
 f - a potion of haste
 n - 3 potions of ambrosia {unknown}
 o - 2 potions of curing {unknown}
 w - a potion of brilliance {unknown}
 x - a potion of attraction {unknown}
 z - a potion of berserk rage {unknown}
 A - a potion of experience {unknown}


   Skills:
 + Level 3.3 Fighting
 - Level 1.7 Polearms
 + Level 0.7 Ranged Weapons
 + Level 1.0 Throwing
 + Level 1.1 Armour
 + Level 2.3 Dodging
 + Level 4.8 Stealth
 + Level 1.4 Evocations


You had 3 spell levels left.
You didn't know any spells.
Your spell library was empty.

Dungeon Overview and Level Annotations

Branches:
Dungeon (5/15)
 Temple: D:4-7

Altars:


Innate Abilities, Weirdness & Mutations

You regenerate magic rapidly.
You have an unusually large brain. (Int +2)


Message History

You hit the gnoll but do no damage. The gnoll closely misses you.
You closely miss the gnoll. Your punch misses the gnoll.
The gnoll closely misses you.
You hit the gnoll but do no damage. The gnoll barely misses you.
You barely miss the gnoll. The gnoll barely misses you.
You hit the gnoll but do no damage. The gnoll hits you but does no damage.
You hit the gnoll but do no damage. The gnoll hits you with a +0 flail!
You barely miss the gnoll. The gnoll hits you with a +0 flail.
You hit the gnoll but do no damage. The gnoll hits you but does no damage.
You hit the gnoll but do no damage. The gnoll hits you with a +0 flail!
You are too injured to fight recklessly!
You are too injured to fight recklessly!
You are too injured to fight recklessly!
You are too injured to fight recklessly!
You are too injured to fight recklessly!
You hit the gnoll but do no damage. The gnoll completely misses you.
You hit the gnoll.
The gnoll is lightly wounded.
The gnoll hits you with a +0 flail!
* * * LOW HITPOINT WARNING * * *
You hit the gnoll but do no damage.
The gnoll is lightly wounded.
The gnoll closely misses you.
You hit the gnoll but do no damage.
The gnoll is lightly wounded.
The gnoll barely misses you.
You hit the gnoll but do no damage.
The gnoll is lightly wounded.
The gnoll closely misses you.
You barely miss the gnoll.
The gnoll is lightly wounded.
The gnoll closely misses you.
You hit the gnoll but do no damage.
The gnoll is lightly wounded.
The gnoll hits you with a +0 flail.
* * * LOW HITPOINT WARNING * * *
You hit the gnoll but do no damage.
The gnoll is lightly wounded.
The gnoll hits you with a +0 flail.
You die...

*,,****,*,* ,,,,,),,,,*
*,,**,*,*** *,,,,,,,,*
,,,*****,****** *,,* *,,,,†,*
###### ######### ,,,* *,****,*
#....####.......# ,,,*
*,####.###.##.........##.#
**,*****,#.....g@.#######.##.##.#
,*,,,,,,,#.##.##### #.##....#
,******,**,**,****** #.####..#
,******,,,,,,,,,,,,**** #.####..#
,,,,,,****,**,***,,,,,* #.......#
,,[,,,****,**,***,,,,,* ######.##
,,,,,,,,,,,,,,*,,,,,,,* #.#
,,,,,)****,**,*,*,,,,,* ####.#
,,,,,,* *,*,,,,,*,,,,,* ##....#


You could see a gnoll.

Vanquished Creatures
  2 gnolls (D:3)
  An adder (D:2)
  A worm (D:3)
  3 dart slugs (D:2)
  2 ball pythons (D:2)
  2 bats (D:1)
  2 endoplasms
  3 giant cockroaches
  4 goblins
  4 hobgoblins
  2 jackals
  7 quokkas
  3 frilled lizards (D:1)
  5 kobolds
  3 rats
44 creatures vanquished.

Notes
Turn   | Place    | Note
-------+----------+-------------------------------------------
     0 | D:5      | flotson the Demonspawn Delver began the quest for the Orb.
     0 | D:5      | Reached XP level 1. HP: 18/18 MP: 1/1
    17 | D:5      | Identified the ring "Erocitif" {rPois SInv}
   185 | D:1      | Gained mutation: You regenerate magic rapidly. [demonic
                  | ancestry]
   185 | D:1      | Reached XP level 2. HP: 24/24 MP: 2/2
   390 | D:1      | Found a faded altar of an unknown god.
   760 | D:1      | Reached skill level 1 in Evocations
   972 | D:2      | Reached XP level 3. HP: 29/29 MP: 3/3
  1218 | D:2      | Reached skill level 1 in Armour
  1828 | D:3      | Gained mutation: You have an unusually large brain. (Int
                  | +2) [demonic ancestry]
  1828 | D:3      | Reached XP level 4. HP: 23/35 MP: 4/4
  2017 | D:2      | Reached skill level 1 in Throwing
  2305 | D:2      | Slain by a gnoll

Illustrated notes

Levels and vault maps discovered:
D:1:      lemuel_arrival_muddy, layout_rooms,
          chequers_ecumenical_altar_simple_redux
D:2:      layout_loops_cross
D:3:      layout_loops_ring, nicolae_ru_the_path_less_chosen
D:4:      gammafunk_wand_slinger, layout_basic
D:5:      layout_basic, minmay_temple_entry_large_hall, uniq_prince_ribbit1

Skill      XL: |  1  2  3  4 |
---------------+-------------+-----
Dodging        | 2 |  2.3
Evocations     | 1 |  1.4
Armour         | 1 |  1.1
Throwing       | 1 |  1.0
Fighting       | |  3.3
Polearms       | |  1.7
Ranged Weapons | |  0.7
Stealth        | |  4.8

Action                   |  1- 3 |  4- 6 || total
-------------------------+-------+-------++-------
Melee: Spear             |    68 |    53 ||   121
 Fire: Sling             |    95 |       ||    95
  Use: Scroll            |       |     1 ||     1
 Stab: Sleeping          |     5 |     1 ||     6
Armor: Chain mail        |    33 |       ||    33
       Scale mail        |    26 |    30 ||    56
       Leather armour    |     6 |       ||     6
Dodge: Dodged            |    56 |    28 ||    84

Table legend: (Time is in decaauts)
 A = Elapsed time spent in this place.
 B = Non-inter-level travel time spent in this place.
 C = Inter-level travel time spent in this place.
 D = Time resting spent in this place.
 E = Time spent auto-exploring this place.
 F = Levels seen in this place.
 G = Mean time per level.
                   A        B        C        D        E       F      G
               +--------+--------+--------+--------+--------+-----+--------+
         Total |   2379 |   2294 |     85 |      0 |   1768 |   5 |  475.8 |
       Dungeon |   2379 |   2294 |     85 |      0 |   1768 |   5 |  475.8 |
               +--------+--------+--------+--------+--------+-----+--------+

Top non-repeatable levels by time:
     D:2: 1040 daAuts
     D:1: 831 daAuts
     D:3: 467 daAuts
     D:5: 32 daAuts
     D:4: 7 daAuts
